 Dungeon Crawl Stone Soup version 0.21-a0-480-g5da0f0d (webtiles) character file.

279 DogShitOnMyToe the Cleaver (level 6, -6/51 HPs)
             Began as a Minotaur Berserker on Nov 22, 2017.
             Was a Priest of Trog.
             Mangled by an orc warrior
             ... wielding a cursed -2 mace
              (11 damage)
             ... on level 3 of the Dungeon.
             The game lasted 00:03:31 (1974 turns).

DogShitOnMyToe the Cleaver (Minotaur Berserker)     Turns: 1974, Time: 00:03:31

Health: -6/51      AC: 14    Str: 21    XL:     6   Next: 5%
Magic:  5/5        EV:  6    Int:  4    God:    Trog [***...]
Gold:   143        SH:  0    Dex: 12    Spells: 5/5 levels left

rFire    . . .     SeeInvis .   x - +1 whip (elec)
rCold    . . .     Gourm    .   (no shield)
rNeg     . . .     Faith    .   y - +0 plate armour
rPois    .         Spirit   .   (helmet restricted)
rElec    .         Reflect  .   (no cloak)
rCorr    .         Harm     .   (no gloves)
MR       ++...                  v - +2 pair of boots
Stlth    ..........             (no amulet)
HPRegen  1.17/turn              (no ring)
MPRegen  0.09/turn              (no ring)

@: regenerating
A: retaliatory headbutt, horns 2
a: Berserk, Trog's Hand, Burn Spellbooks, Renounce Religion


You were on level 3 of the Dungeon.
You worshipped Trog.
Trog was most pleased with you.
You were not hungry.

You visited 1 branch of the dungeon, and saw 3 of its levels.

You collected 143 gold pieces.

Inventory:

Hand Weapons
 a - a +0 hand axe
 x - a +1 whip of electrocution (weapon)
Armour
 b - a +0 animal skin
 v - a +2 pair of boots (worn)
 y - a +0 plate armour (worn)
Jewellery
 d - an uncursed ring of protection from magic {unknown}
Scrolls
 e - a scroll of immolation {unknown}
 n - a scroll of fog {unknown}
 p - 2 scrolls of identify {unknown}
 q - a scroll of remove curse {unknown}
 r - 3 scrolls of amnesia {unknown}
 s - a scroll of magic mapping {unknown}
 t - a scroll of noise {unknown}
 u - a scroll of teleportation {unknown}
Potions
 f - a potion of might {unknown}
 g - 2 potions of heal wounds {unknown}
 h - a potion of degeneration {unknown}
 j - a potion of invisibility {unknown}
 k - a potion of flight {unknown}
 m - 2 potions of mutation {unknown}
 o - 4 potions of lignification {unknown}
Comestibles
 c - 5 bread rations
 i - 2 royal jellies
 l - 5 fruits
 w - 2 chunks of flesh


   Skills:
 - Level 3.6 Fighting
 + Level 8.2 Axes
 - Level 2.4 Armour
 - Level 2.1 Dodging


You had 5 spell levels left.
You didn't know any spells.

Dungeon Overview and Level Annotations

Branches:
Dungeon (3/15)

Altars:
Cheibriados


Innate Abilities, Weirdness & Mutations

You reflexively headbutt those who attack you in melee.
You have a pair of horns on your head.


Message History

a dagger; a scale mail; an orc corpse You are too injured to fight recklessly!
You are too injured to fight recklessly!
You are too injured to fight recklessly!
You are too injured to fight recklessly!
You are too injured to fight recklessly!
Your plate armour prevents you from hitting the orc warrior.
You headbutt the orc warrior.
The orc warrior is severely wounded.
The orc warrior hits you with an enchanted mace!
* * * LOW HITPOINT WARNING * * *
You hit the orc warrior. Your headbutt misses the orc warrior.
The orc warrior is severely wounded.
The orc warrior hits you with an enchanted mace!
* * * LOW HITPOINT WARNING * * *
Your skin crawls.
You feel resistant to hostile enchantments.
You feel somewhat more hungry.
The orc warrior hits you with an enchanted mace!
You die...

##..)######.......##
...)÷.÷..#.........#
##.###)....##'#....#
#.# #.#.###..#....#
#.# #.#.#.)..#...##
##.###.#.#....#..##
.......#.#.♣###.##
##.#######'###.######
#.# #..##..@oog# ##.#
##.#######)### .(.#
#.# #...g.# #..#
##.#####.###.......
.<.# #........#
..##### #.##
##..#####.# .## #†#
##...## .#
#)######.#...## ##
............#.#


You could see an orc warrior, an orc and a hobgoblin.

Vanquished Creatures
  3 jellies (D:2)
  An orc priest (D:3)
  A howler monkey skeleton (D:3)
  An adder (D:2)
  10 oozes (D:2)
  A worm (D:2)
  5 dart slugs
  2 leopard geckos
  5 orcs (D:3)
  A ball python (D:1)
  3 giant cockroaches
  7 goblins
  6 hobgoblins
  2 jackals (D:1)
  16 kobolds
  8 bats
  4 frilled lizards
  8 rats
  A fungus (D:2)
85 creatures vanquished.

Vanquished Creatures (others)
  9 toadstools (D:2)
9 creatures vanquished.

Grand Total: 94 creatures vanquished

Notes
Turn   | Place    | Note
-------+----------+-------------------------------------------
     0 | D:1      | DogShitOnMyToe the Minotaur Berserker began the quest for the Orb.
     0 | D:1      | Reached XP level 1. HP: 19/19 MP: 0/0
    60 | D:1      | Reached skill level 4 in Axes
   246 | D:1      | Reached XP level 2. HP: 18/26 MP: 1/1
   305 | D:1      | HP: 13/26 [goblin (1)]
   535 | D:1      | Reached skill level 5 in Axes
   586 | D:1      | Reached XP level 3. HP: 31/31 MP: 2/2
   852 | D:2      | Reached ** piety under Trog
   856 | D:2      | HP: 14/31 [hobgoblin/club (2)]
  1229 | D:2      | Found a snail-covered altar of Cheibriados.
  1280 | D:2      | Reached skill level 6 in Axes
  1280 | D:2      | Reached XP level 4. HP: 35/39 MP: 3/3
  1400 | D:2      | Reached XP level 5. HP: 39/45 MP: 4/4
  1401 | D:2      | Reached skill level 7 in Axes
  1404 | D:2      | Reached *** piety under Trog
  1783 | D:3      | Reached skill level 8 in Axes
  1783 | D:3      | Reached XP level 6. HP: 51/51 MP: 5/5
  1957 | D:3      | Noticed an orc warrior
  1967 | D:3      | HP: 24/51 [orc warrior/enchanted mace (3)]
  1972 | D:3      | HP: 12/51 [orc warrior/enchanted mace (13)]
  1973 | D:3      | HP: 4/51 [orc warrior/enchanted mace (8)]
  1974 | D:3      | Mangled by an orc warrior

Vault maps used:
D:1:      onia_arrival_mini_maze, serial_glass, glass_columns_b,
          glass_columns_a, glass_columns_b, glass_columns_a, glass_columns_a,
          glass_columns_a, minmay_quantized
D:2:      cheibrodos_fertilizer, kennysheep_slug_shrine, serial_curves,
          eino_curves_01, eino_curves_02, eino_curves_02, eino_curves_02,
          minmay_split_cup_large
D:3:      overflow_temple_1_default, kennysheep_nondescript

Skill      XL: |  1  2  3  4  5 |
---------------+----------------+-----
Axes           | 4 5 6 8 |  8.2
Fighting       | |  3.6
Armour         | |  2.4
Dodging        | |  2.1

Action                   |  1- 3 |  4- 6 || total
-------------------------+-------+-------++-------
Melee: Hand axe          |    88 |    66 ||   154
       Headbutt          |    17 |    18 ||    35
       Whip              |       |    17 ||    17
Invok: Berserk           |     2 |     3 ||     5
       Trog's Hand       |       |     3 ||     3
 Stab: Sleeping          |     2 |       ||     2
  Eat: Chunk             |     3 |     6 ||     9
Armor: Animal skin       |    13 |    12 ||    25
       Plate armour      |       |     2 ||     2
Dodge: Dodged            |    53 |    37 ||    90

Table legend:
 A = Spawn XP
 B = Non-spawn XP
 C = Spawn XP percentage of total XP
 D = Spawn monster count
 E = Non-spawn monster count
 F = Spawn count percentage of total count
 G = Total turns spent on level
                    A         B        C        D         E        F      G
               +---------+---------+-------+---------+---------+-------+---------
         Total |       0 |     399 |   0.0 |       0 |      84 |   0.0 |  1974
               +---------+---------+-------+---------+---------+-------+---------
           D:1 |       0 |      45 |   0.0 |       0 |      24 |   0.0 |   816
           D:2 |       0 |     269 |   0.0 |       0 |      45 |   0.0 |   910
           D:3 |       0 |      85 |   0.0 |       0 |      15 |   0.0 |   248
               +---------+---------+-------+---------+---------+-------+---------
